AoeStats
← dREYER-RJ

Arena

505945341Analyzed
4v4 RM · 20d ago on Sep 11, 2026· 40m 47s· 8 players
Game mode
Random Map
Map size
Large (8 player)
Population
200
Speed
Normal
Resources
Standard
Victory
Conquest
Starting age
Dark Age
Ending age
Imperial Age
RankedLock teamsTeams togetherTeam positionsShared explorationLock speedFull tech treeHidden civsTurbo modeCheats
Victory
Defeat
🇧🇬 Persians · Bulgaria
1040
+16
🇵🇱 Teutons · Poland
1037
+16
🇺🇸 Turks · United States
996
+18
🇸🇪 Mongols · Sweden
975
+18
🇮🇪 Britons · Ireland
1219
-25
🇪🇸 Armenians · Spain
1032
-17
🇺🇸 Huns · United States
1020
-16
🇧🇷 Franks · Brazil
859
-10
Thepunisherr498
13:02 Feudal Age
19:05 Castle Age
17:17 Double-Bit Axe
17:49 Gold Mining
18:19 Man-at-Arms
18:53 Stone Mining
19:24 Horse Collar
19:50 Scale Mail Armor
22:16 Long Swordsman
26:08 Fletching
26:18 Padded Archer Armor
27:54 Bodkin Arrow
29:35 Leather Archer Armor
30:54 Forging
30:59 Chain Mail Armor
35:40 Imperial Age
36:26 Bracer
36:56 Ring Archer Armor
Knight Baiano
10:33 Feudal Age
10:05 Loom
14:52 Castle Age
12:57 Double-Bit Axe
12:54 Horse Collar
14:24 Gold Mining
16:05 Fletching
24:21 Bodkin Arrow
25:09 Padded Archer Armor
30:24 Imperial Age
29:11 Ballistics
29:32 Wheelbarrow
30:23 Bow Saw
32:35 Scale Barding Armor
32:27 Crossbowman
33:37 Conscription
33:20 Bracer
33:36 Leather Archer Armor
34:02 Gold Shaft Mining
33:02 Pikeman
34:08 Chain Barding Armor
33:52 Scale Mail Armor
34:02 Forging
35:31 Arbalester
37:23 Chemistry
dREYER-RJ
11:42 Feudal Age
13:09 Wheelbarrow
12:53 Double-Bit Axe
17:08 Castle Age
16:02 Scale Barding Armor
16:53 Gold Mining
19:08 Forging
19:46 Husbandry
20:09 Bow Saw
22:52 Scale Mail Armor
24:47 Chain Barding Armor
25:34 Squires
25:39 Stone Mining
25:33 Pikeman
27:43 Iron Casting
28:44 Gold Shaft Mining
28:19 Town Watch
29:50 Chain Mail Armor
34:27 Imperial Age
34:31 Town Patrol
34:48 Hand Cart
35:17 Halberdier
36:29 Plate Mail Armor
35:51 Loom
36:02 Cavalier
38:19 Conscription
39:16 Paladin
711WasAPartTimeJob
10:33 Feudal Age
16:28 Castle Age
14:37 Double-Bit Axe
16:20 Horse Collar
18:10 Loom
18:41 Bow Saw
18:57 Heavy Plow
20:06 Scale Barding Armor
21:02 Gold Mining
22:29 Forging
22:21 Husbandry
22:31 Bloodlines
21:42 Light Cavalry
26:05 Iron Casting
27:09 Chain Barding Armor
32:50 Imperial Age
31:20 Wheelbarrow
30:40 Town Watch
31:34 Scale Mail Armor
31:24 Fletching
31:00 Pikeman
31:41 Squires
31:31 Arson
33:16 Hand Cart
33:03 Bodkin Arrow
33:09 Padded Archer Armor
34:14 Conscription
34:25 Bracer
34:43 Leather Archer Armor
34:16 Heavy Cavalry Archer
36:41 Two-Man Saw
38:09 Ballistics
38:08 Light Cavalry
39:23 Thumb Ring
ljcolts12
11:53 Feudal Age
15:58 Castle Age
13:48 Double-Bit Axe
14:35 Horse Collar
18:13 Loom
22:36 Imperial Age
22:48 Padded Archer Armor
27:23 Wheelbarrow
29:48 Fortified Wall
31:26 Wheelbarrow
32:44 Stone Mining
36:16 Gold Mining
38:50 Conscription
40:29 Bombard Tower
41:12 Caravan
NightJewel39582
11:07 Feudal Age
15:17 Castle Age
17:25 Loom
17:26 Town Watch
23:38 Fervor
24:11 Wheelbarrow
28:09 Imperial Age
26:26 Hand Cart
25:58 Double-Bit Axe
26:01 Horse Collar
26:46 Scale Barding Armor
27:02 Forging
28:48 Chain Barding Armor
28:55 Conscription
29:16 Iron Casting
30:40 Plate Barding Armor
32:13 Blast Furnace
31:25 Bow Saw
31:12 Gold Mining
31:31 Elite War Elephant
33:49 Devotion
36:41 Two-Man Saw
35:43 Heavy Plow
36:21 Gold Shaft Mining
35:37 Stone Mining
36:37 Fletching
36:45 Murder Holes
37:43 Bodkin Arrow
38:01 Masonry
39:16 Husbandry
39:28 Bloodlines
Khan Asparuh
10:37 Feudal Age
11:36 Double-Bit Axe
12:12 Loom
15:11 Castle Age
16:25 Bow Saw
24:45 Wheelbarrow
24:01 Horse Collar
28:54 Bloodlines
29:14 Husbandry
33:19 Imperial Age
31:10 Hand Cart
30:41 Town Watch
31:48 Scale Barding Armor
33:54 Chain Barding Armor
33:45 Forging
33:20 Heavy Camel Rider
33:23 Capped Ram
36:14 Iron Casting
36:12 Onager
36:25 Light Cavalry
37:40 Siege Engineers
38:52 Blast Furnace
37:17 Hussar
41:08 Drill
41:09 Conscription
40:15 Siege Onager
Helenka
9:24 Loom
11:26 Feudal Age
16:13 Castle Age
17:00 Wheelbarrow
18:54 Horse Collar
24:26 Gold Mining
25:14 Double-Bit Axe
25:33 Heavy Plow
30:24 Fortified Wall
30:25 Masonry
31:27 Stone Mining
35:35 Imperial Age
33:21 Hand Cart
34:16 Forging
34:07 Scale Mail Armor
34:12 Scale Barding Armor
33:53 Pikeman
34:19 Gambesons
34:35 Squires
34:21 Arson
36:33 Iron Casting
36:14 Chain Mail Armor
36:20 Chain Barding Armor
36:41 Elite Teutonic Knight
37:42 Conscription
36:44 Halberdier
38:27 Blast Furnace
37:58 Plate Mail Armor
Connection lost

Rejoining the realm…

Still unreachable

The connection could not be restored.

Session expired

The server has moved on; the page needs a fresh start.